 Dungeon Crawl Stone Soup version 0.25-a0-1133-g93ebf739aa (webtiles) character file.

Game seed: 7660504769890489885, levelgen mode: deterministic

7495 Hopman the Fighter (level 11, -3/101 HPs)
             Began as a Hill Orc Fighter on May 22, 2020.
             Was an Elder of the Shining One.
             Slain by Sonja
             ... wielding a +0 dagger of distortion
              (13 damage)
             ... on level 11 of the Dungeon.
             The game lasted 00:35:39 (12784 turns).

Hopman the Fighter (Hill Orc Fighter)              Turns: 12784, Time: 00:35:39

Health: -3/101     AC: 20    Str: 23    XL:     11   Next: 16%
Magic:  14/14      EV:  6    Int: 11    God:    the Shining One [****..]
Gold:   279        SH: 20    Dex: 10    Spells: 10/10 levels left

rFire    + . .     SeeInvis .   a - +3 morningstar (holy)
rCold    . . .     Gourm    .   c - +0 kite shield
rNeg     + + .     Faith    .   m - +0 plate armour
rPois    .         Spirit   .   e - +2 helmet {Int+3}
rElec    .         Reflect  .   r - +0 cloak
rCorr    .         Harm     .   d - +0 pair of gloves
MR       +....                  (no boots)
Stlth    ..........             (no amulet)
HPRegen  0.26/turn              o - ring of protection from fire
MPRegen  0.14/turn              k - ring of protection from magic

@: divine shield, glowing
A: no striking features
a: Divine Shield, Cleansing Flame, Renounce Religion


You were on level 11 of the Dungeon.
You worshipped the Shining One.
The Shining One was greatly pleased with you.
You were not hungry.

You visited 2 branches of the dungeon, and saw 12 of its levels.

You collected 481 gold pieces.
You spent 202 gold pieces at shops.

Inventory:

Hand Weapons
 a - a +3 morningstar of holy wrath (weapon)
Armour
 c - a +0 kite shield (worn)
 d - a +0 pair of gloves (worn)
 e - a +2 helmet of intelligence (worn)
 m - a +0 plate armour (worn)
 r - a +0 cloak (worn)
Jewellery
 b - a +4 ring of protection {unknown}
 h - an uncursed ring of flight
 k - a ring of protection from magic (right hand)
 o - a ring of protection from fire (left hand)
 p - an uncursed ring of fire
Wands
 g - a wand of acid (7)
Scrolls
 i - 5 scrolls of teleportation
 l - 6 scrolls of remove curse
 s - 3 scrolls of fog
 y - a scroll of amnesia
 B - a scroll of identify
Potions
 j - 2 potions of flight
 n - a potion of brilliance
 t - a potion of cancellation {unknown}
 u - a potion of magic
 v - a potion of mutation
 w - a potion of invisibility {unknown}
 x - a potion of resistance {unknown}
 z - a potion of might
Comestibles
 f - 16 rations


   Skills:
 + Level 10.5 Fighting
 + Level 9.3 Maces & Flails
 + Level 9.8 Armour
 + Level 9.6 Shields
 + Level 4.4 Invocations


You had 10 spell levels left.
You didn't know any spells.
Your spell library contained the following spells:

 Spells                   Type           Power        Failure   Level  Hunger
 Freeze                   Ice            #...         100%        1    ##.....
 Magic Dart               Conj           #...         100%        1    ##.....
 Blink                    Tloc           N/A          100%        2    ###....
 Call Imp                 Summ           #.......     100%        2    ###....
 Slow                     Hex            #.......     100%        2    ###....
 Conjure Flame            Conj/Fire      #.......     100%        3    ####...
 Frozen Ramparts          Ice            #.....       100%        3    ####...
 Mephitic Cloud           Conj/Pois/Air  #.......     100%        3    ####...
 Ozocubu's Armour         Chrm/Ice       #.......     100%        3    ####...
 Hailstorm                Conj/Ice       #.......     100%        4    #####..
 Summon Ice Beast         Ice/Summ       #.......     100%        4    #####..


Dungeon Overview and Level Annotations

Branches:
Dungeon (11/15)            Temple (1/1) D:5            Lair (0/6) D:9
    Orc (0/2) D:11

Altars:
Ashenzari
Cheibriados
Dithmenos
Elyvilon
Fedhas
Gozag
Hepliaklqana
Kikubaaqudgha
Makhleb
Nemelex Xobeh
Okawaru
Qazlal
Ru
Sif Muna
Trog
Uskayaw
Vehumet
Wu Jian
Xom
Yredelemnul
Zin
The Shining One

Shops:
D:5 [   D:8 [   D:10 }

Annotations:
D:3 exclusion: upstairs
D:11 Sonja


Message History

You feel yourself speed up.
Sonja gestures wildly while chanting.
Sonja blinks!
Okay, then.
Sonja hits you but does no damage. x2; Space bends around you.
Sonja hits you but does no damage. Space warps horribly around you!!
* * * LOW HITPOINT WARNING * * *
You hit Sonja but do no damage.
Sonja is heavily wounded.
You block Sonja's attack. x2
Sonja hits you with a +0 dagger of distortion.
* * * LOW HITPOINT WARNING * * *
Space warps horribly around you!
* * * LOW HITPOINT WARNING * * *
You feel better. Sonja hits you but does no damage.
Space warps horribly around you!
* * * LOW HITPOINT WARNING * * *
Sonja barely misses you. You block Sonja's attack. x3
Sonja hits you but does no damage. Space warps horribly around you!
You die...

.# #.#.........####
.# #.#>........##..
.# #.#.........##.#
.# #.#.........##..
.###.#####.######.#
.##.#.## #. ..#
:#.###.##########.#
........(.......#.#
...§..(########K@.#
..._..## #####
#..(..########
#..(.K..^.....
##.(#§########
##(#(# #.#.# #.#.#
#.#.#


You could see Sonja.

Vanquished Creatures
  A cyclops (D:11)
  A centaur zombie (D:10)
  Grinder (D:5)
  3 trolls
  A hippogriff (D:9)
  A spriggan (D:7)
  A steam dragon (D:10)
  Menkaure (D:7)
  2 hungry ghosts
  2 two-headed ogre zombies (D:11)
  7 orc warriors
  3 phantoms
  A necrophage (D:9)
  5 ogres
  7 centaurs
  3 crocodiles
  3 wolves
  2 bullfrogs
  A wyvern zombie (D:7)
  A water moccasin zombie (D:6)
  A scorpion (D:5)
  2 wyvern skeletons
  2 troll zombies (D:11)
  2 electric eels (D:9)
  4 wights (D:11)
  2 howler monkeys
  6 crimson imps
  2 quasits
  9 hounds
  2 jellies
  2 orc priests (D:3)
  Crazy Yiuf (D:2)
  A gnoll shaman (D:9)
  A centaur skeleton (D:6)
  3 bullfrog skeletons
  2 iguanas
  5 orc wizards
  4 worker ants
  A killer bee zombie (D:9)
  4 ogre zombies (D:11)
  A hound zombie (D:7)
  4 hound skeletons
  A worker ant zombie (D:11)
  12 gnolls
  11 adders
  2 river rats (D:5)
  2 shadow imps (D:9)
  2 adder skeletons
  6 worms
  4 leopard geckos
  29 orcs
  7 bats
  5 giant cockroaches
  14 goblins
  12 hobgoblins
  3 jackals (D:5)
  2 quokkas (D:5)
  3 ball pythons
  4 frilled lizards
  2 goblin skeletons (D:11)
  3 goblin zombies (D:11)
  4 hobgoblin skeletons (D:11)
  A hobgoblin zombie (D:11)
  11 kobolds
  2 orc skeletons (D:11)
  13 orc zombies (D:11)
  10 rats
273 creatures vanquished.

Notes
Turn   | Place    | Note
-------+----------+-------------------------------------------
     0 | D:1      | Hopman the Hill Orc Fighter began the quest for the Orb.
     0 | D:1      | Reached XP level 1. HP: 19/19 MP: 1/1
   315 | D:1      | Reached XP level 2. HP: 25/27 MP: 2/2
  1044 | D:1      | Reached skill level 4 in Fighting
  1075 | D:1      | Reached XP level 3. HP: 26/33 MP: 3/3
  1834 | D:2      | Reached XP level 4. HP: 37/40 MP: 4/4
  2404 | D:2      | Found a runed translucent door.
  2405 | D:2      | Noticed Crazy Yiuf
  2432 | D:2      | Noticed a centaur
  2447 | D:2      | Killed a centaur
  2447 | D:2      | Reached XP level 5. HP: 20/47 MP: 5/5
  2873 | D:2      | Found a hazy altar of Hepliaklqana.
  3048 | D:2      | Killed Crazy Yiuf
  3156 | D:3      | Reached skill level 5 in Fighting
  3240 | D:3      | Reached XP level 6. HP: 41/56 MP: 6/6
  3543 | D:3      | Found a bloodstained altar of Trog.
  3819 | D:3      | Found a radiant altar of Vehumet.
  4293 | D:3      | Reached skill level 5 in Armour
  4296 | D:3      | Found a shimmering blue altar of Sif Muna.
  4560 | D:4      | Reached skill level 5 in Shields
  4560 | D:4      | Reached XP level 7. HP: 53/61 MP: 7/7
  4969 | D:4      | Reached skill level 6 in Fighting
  5198 | D:4      | Found an iron altar of Okawaru.
  5388 | D:5      | Entered Level 5 of the Dungeon
  5426 | D:5      | Found Ciohy's Commerce Corner.
  5585 | D:5      | Found Piozxuor's Antique Armour Boutique.
  5641 | D:5      | Reached skill level 5 in Maces & Flails
  6040 | D:5      | Found a staircase to the Ecumenical Temple.
  6076 | D:5      | Found a glowing drain.
  6079 | D:5      | Reached XP level 8. HP: 71/71 MP: 8/8
  6255 | Temple   | Entered the Ecumenical Temple
  6524 | D:6      | Noticed Grinder
  6554 | D:6      | Paralysed by Grinder for 3 turns
  6683 | D:5      | Killed Grinder
  6683 | D:5      | Reached skill level 7 in Fighting
  6784 | D:5      | Bought a glowing helmet for 202 gold pieces
  7131 | D:6      | Reached XP level 9. HP: 54/80 MP: 9/9
  7352 | D:6      | Reached skill level 8 in Fighting
  8067 | D:7      | Found a stormy altar of Qazlal.
  8145 | D:7      | Found a glowing golden altar of the Shining One.
  8158 | D:7      | Became a worshipper of the Shining One
  8356 | D:7      | Noticed Menkaure
  8368 | D:7      | Killed Menkaure
  8796 | D:8      | Found Usisk's Antique Armour Shop.
  8812 | D:8      | Found a white marble altar of Elyvilon.
  8886 | D:8      | Found an opulent altar of Gozag.
  8944 | D:8      | Found a glowing silver altar of Zin.
  9122 | D:9      | Found a staircase to the Lair.
  9405 | D:9      | Reached * piety under the Shining One
  9409 | D:9      | Reached skill level 9 in Fighting
  9456 | D:9      | Reached XP level 10. HP: 52/91 MP: 10/10
 10203 | D:9      | Found an ancient bone altar of Kikubaaqudgha.
 10583 | D:9      | Found a shattered altar of Ashenzari.
 10626 | D:9      | Found an ornate altar of the Wu Jian Council.
 10635 | D:9      | Reached skill level 1 in Invocations
 11043 | D:10     | Entered Level 10 of the Dungeon
 11331 | D:10     | Found Boerurramm's Gadget Emporium.
 11712 | D:10     | Reached skill level 10 in Fighting
 12155 | D:11     | Found a staircase to the Orcish Mines.
 12155 | D:11     | Reached ** piety under the Shining One
 12197 | D:11     | Reached *** piety under the Shining One
 12237 | D:11     | Reached **** piety under the Shining One
 12292 | D:11     | Reached XP level 11. HP: 99/100 MP: 13/13
 12374 | D:11     | Noticed a cyclops
 12384 | D:11     | Killed a cyclops
 12733 | D:11     | Found a shimmering altar of Xom.
 12754 | D:11     | Noticed Sonja
 12784 | D:11     | Slain by Sonja

Illustrated notes

Levels and vault maps discovered:
D:1:      shiori_arrival_elements, layout_basic
D:2:      layout_loops_ring, marbit_many_paths, first_ration,
          kennysheep_another_room, minivault_24, uniq_crazy_yiuf_cottage
D:3:      layout_loops_ring, led_sif_pool, fiery_altar_vehumet, bloody_trog
D:4:      layout_rooms, lemuel_coloured_pillars_altar
D:5:      layout_rooms, minmay_temple_entry_crystal_x, serial_curves,
          eino_curves_03, eino_curves_04, eino_curves_01, eino_curves_04,
          lightli_sewer_entry_pipes, serial_shops, shop, nicolae_alphabet_shops,
          grunt_decor_mini_mirrors
D:6:      minmay_general_purpose_star, layout_rooms, uniq_grinder
D:7:      layout_basic, kennysheep_mini_moat, tso_metal_star, the_bakery,
          uniq_menkaure
D:8:      layout_rooms, overflow_temple_1_default, zin_scriptorium,
          serial_shops, shop, nicolae_gozag_cash_rules_everything_around_me
D:9:      layout_gridville, old_standard_altar, kiku_gazebo_pond_becter,
          evilmike_ruin_ashenzari, erik_lair_island, kennysheep_path_1
D:10:     layout_stronghold, serial_shops,
          nicolae_shop_temple_entry_statues_fountains
D:11:     layout_loops_ring, zombieorc2_lemuel, basic_altar, uniq_fannar,
          uniq_sonja
Temple:   minmay_temple_curvy_loop

Skill      XL: |  1  2  3  4  5  6  7  8  9 10 11 |
---------------+----------------------------------+-----
Fighting       | 4 5 6 7 9 10 | 10.5
Armour         | 4 5 6 7 8 9 |  9.8
Maces & Flails | 3 4 5 6 7 9 |  9.3
Shields        | 4 5 6 8 9 |  9.6
Invocations    | 3 4 |  4.4

Action                   |  1- 3 |  4- 6 |  7- 9 | 10-12 || total
-------------------------+-------+-------+-------+-------++-------
Melee: Flail             |   152 |   165 |   279 |       ||   596
       Morningstar       |       |       |   148 |   263 ||   411
Invok: Divine Shield     |       |       |       |     3 ||     3
  Use: Scroll            |       |     9 |    10 |     2 ||    21
       Potion            |       |     2 |     5 |     2 ||     9
  Eat: Chunk             |     3 |     6 |    10 |     6 ||    25
       Ration            |       |     1 |     2 |     2 ||     5
Armor: Scale mail        |    48 |    81 |   127 |       ||   256
       Chain mail        |       |       |    89 |    40 ||   129
       Plate armour      |       |       |       |   100 ||   100
Dodge: Dodged            |    27 |    59 |   139 |    59 ||   284
Block: Kite shield       |    67 |    88 |   242 |   192 ||   589

Table legend:
 A = Non-vault XP
 B = Vault XP
 C = Vault XP percentage of total XP
 D = Non-vault monster count
 E = Vault monster count
 F = Vault count percentage of total count
                 A         B        C        D         E       F
            +---------+---------+-------+---------+---------+-------
      Total |    7943 |    2765 |  25.8 |     212 |      61 |  22.3
            +---------+---------+-------+---------+---------+-------
        D:1 |      39 |       0 |   0.0 |      23 |       0 |   0.0
        D:2 |     193 |      53 |  21.5 |      30 |       2 |   6.2
        D:3 |     210 |       0 |   0.0 |      25 |       0 |   0.0
        D:4 |     486 |       0 |   0.0 |      13 |       0 |   0.0
        D:5 |     315 |     351 |  52.7 |      13 |      11 |  45.8
        D:6 |    1271 |     167 |  11.6 |      29 |       2 |   6.5
        D:7 |     220 |     387 |  63.8 |       9 |       2 |  18.2
        D:8 |     344 |     222 |  39.2 |       9 |       2 |  18.2
        D:9 |    2166 |     572 |  20.9 |      32 |       6 |  15.8
       D:10 |    1140 |       0 |   0.0 |      10 |       0 |   0.0
       D:11 |    1559 |    1013 |  39.4 |      19 |      36 |  65.5
            +---------+---------+-------+---------+---------+-------
